 Dungeon Crawl Stone Soup version 0.20-a0-795-ga03948b (webtiles) character file.

60 M4edhros the Poker (level 3, 0/29 HPs)
             Began as a Mummy Chaos Knight on Mar 1, 2017.
             Slain by a jackal (2 damage)
             ... on level 2 of the Dungeon.
             The game lasted 00:01:56 (2995 turns).

M4edhros the Poker (Mummy Chaos Knight)             Turns: 2995, Time: 00:01:57

Health: 0/29       AC:  5    Str: 15    XL:     3   Next: 82%
Magic:  3/3        EV: 11    Int: 14    God:    Xom [*.....]
Gold:   92         SH:  0    Dex: 12    Spells: 2/2 levels left

rFire    x . .     SeeInvis .   d - +2 spear (pierce)
rCold    + . .     Gourm    .   b - +2 leather armour
rNeg     + + +     Faith    .   (no shield)
rPois    ∞         Spirit   .   (no helmet)
rElec    .         Reflect  .   (no cloak)
rCorr    .         Harm     .   (no gloves)
MR       .....                  (no boots)
Stlth    +.........             (no amulet)
Regen    0.1/turn               (no ring)
MPRegen  0.1/turn               f - +3 ring of intelligence

@: no status effects
A: no food or potions, fire vulnerability, cold resistance 1, negative energy
resistance 3, torment resistance, unbreathing
a: Renounce Religion


You were on level 2 of the Dungeon.
You worshipped Xom.
You were a special plaything of Xom.
You were not hungry.

You visited 1 branch of the dungeon, and saw 2 of its levels.

You collected 92 gold pieces.

Inventory:

Hand Weapons
 a - a +0 spear of chaos
 d - a +2 spear of piercing (weapon)
Armour
 b - a +2 leather armour (worn)
Jewellery
 f - a +3 ring of intelligence (left hand)
Scrolls
 c - 2 scrolls of identify {unknown}
 e - a scroll of random uselessness {unknown}


   Skills:
 - Level 3.0 Fighting
 + Level 3.9 Polearms
 - Level 1.5 Armour
 - Level 0.7 Dodging


You had 2 spell levels left.
You didn't know any spells.

Dungeon Overview and Level Annotations

Branches:
Dungeon (2/15)

Altars:


Innate Abilities, Weirdness & Mutations

You do not eat or drink.
Your flesh is vulnerable to fire.
You are immune to poison.
Your flesh is cold resistant. (rC+)
You are immune to negative energy. (rN+++)
You are immune to unholy pain and torment.
You can survive without breathing.


Message History

Unknown command.
You barely miss the jackal.
The jackal is moderately wounded.
The jackal barely misses you. The jackal misses you.
The jackal closely misses you.
Unknown command.
You hit the jackal but do no damage.
The jackal is moderately wounded.
The jackal barely misses you.
The jackal bites you but does no damage.
Unknown command.
You hit the jackal.
You kill the jackal!
The jackal closely misses you.
The jackal bites you but does no damage.
Unknown command.
You hit the hobgoblin but do no damage.
The hobgoblin hits you but does no damage.
The jackal bites you.
You die...

### ... #.############
#..g..h.....[#
###g###?####.# #@# #.#
############h###.#
#...........h..#g# .
#.....#.#......?g##....
##.........##.#..........
#.....<#.####.###.##.....
#.###....# #.# ...# ....
#......##.# ..... ..(
#..###.##.....?... ..


You could see 2 jackals and 2 hobgoblins.

Vanquished Creatures
  A gnoll (D:1)
  An ooze (D:1)
  2 dart slugs (D:1)
  3 bats
  3 giant cockroaches
  5 goblins (D:1)
  7 hobgoblins
  8 jackals
  2 ball pythons (D:1)
  A frilled lizard (D:1)
  4 kobolds
  3 rats (D:1)
40 creatures vanquished.

Vanquished Creatures (others)
  A fire vortex (D:1)
1 creature vanquished.

Grand Total: 41 creatures vanquished

Notes
Turn   | Place    | Note
-------+----------+-------------------------------------------
     0 | D:1      | M4edhros the Mummy Chaos Knight began the quest for the Orb.
     0 | D:1      | Reached XP level 1. HP: 18/18 MP: 1/1
   235 | D:1      | Reached XP level 2. HP: 20/24 MP: 2/2
   487 | D:1      | XOM: harmless Tmut miscast
   517 | D:1      | XOM: harmless Ice miscast
   636 | D:1      | Reached XP level 3. HP: 12/29 MP: 3/3
   846 | D:1      | XOM: divination: detect creatures
  1070 | D:1      | XOM: noise
  1217 | D:1      | XOM: god gift: peridot ring {god gift}
  1352 | D:1      | XOM: harmless Hex miscast
  1490 | D:1      | XOM: summons 1 hostile demon
  1511 | D:1      | XOM: mild Chrm miscast
  1760 | D:1      | XOM: harmless Air miscast
  2649 | D:1      | XOM: mild Erth miscast
  2851 | D:1      | XOM: summons 4 hostile shadow creatures
  2947 | D:1      | XOM: mild Fire miscast
  2949 | D:1      | XOM: butterfly on damage
  2995 | D:2      | Slain by a jackal

Vault maps used:
D:1:      minmay_arrival_diagonal_passages

Skill      XL: |  1  2 |
---------------+-------+-----
Polearms       | 3 |  3.9
Fighting       | |  3.0
Armour         | |  1.5
Dodging        | |  0.7

Action                   || total
-------------------------++-------
Melee: Spear             ||   133
Armor: Leather armour    ||    48
Dodge: Dodged            ||    84
